 Dungeon Crawl Stone Soup version 0.25-a0-353-ged6d54792d (webtiles) character file.

Game seed: 14529286291790724436, levelgen mode: deterministic

203 PentaManta the Slinger (level 6, -3/39 HPs)
             Began as a Halfling Hunter on Jan 2, 2020.
             Killed from afar by CloudEater's ghost (7 damage)
             ... with a blast of sand
             ... on level 3 of the Dungeon.
             The game lasted 00:06:39 (3362 turns).

PentaManta the Slinger (Halfling Hunter)            Turns: 3362, Time: 00:06:40

Health: -3/39      AC:  3    Str: 14    XL:     6   Next: 8%
Magic:  6/6        EV: 14    Int:  9    God:
Gold:   201        SH:  0    Dex: 16    Spells: 5/5 levels left

rFire    . . .     SeeInvis .   a - +1 hunting sling
rCold    . . .     Gourm    .   (shield restricted)
rNeg     . . .     Faith    .   c - +0 leather armour
rPois    .         Spirit   .   (no helmet)
rElec    .         Reflect  .   (no cloak)
rCorr    .         Harm     .   (no gloves)
MR       .....                  (no boots)
Stlth    ++........             (no amulet)
HPRegen  0.13/turn              (no ring)
MPRegen  0.10/turn              (no ring)

@: about to teleport
A: small, mutation resistance 1
a: no special abilities


You were on level 3 of the Dungeon.
You were very hungry.

You visited 1 branch of the dungeon, and saw 3 of its levels.

You collected 201 gold pieces.

Inventory:

Hand Weapons
 a - a +1 hunting sling (weapon)
 i - a +0 dagger of venom
 p - a +2 whip of venom
Missiles
 b - 18 poisoned darts
 d - 40 sling bullets
 e - 198 stones (quivered)
 s - 3 atropa-tipped darts
Armour
 c - a +0 leather armour (worn)
 u - a +0 shield
 v - a +0 helmet
Scrolls
 g - a scroll of noise
 m - a scroll of amnesia {unknown}
 n - a scroll of random uselessness {unknown}
 t - a scroll of fear {unknown}
Potions
 j - 2 potions of degeneration {unknown}
 k - 2 potions of flight {unknown}
 l - 3 potions of curing {unknown}
 o - a potion of lignification {unknown}
 q - a potion of ambrosia {unknown}
 r - a potion of heal wounds {unknown}
Comestibles
 f - 6 rations


   Skills:
 - Level 1.7 Fighting
 + Level 9.8 Slings
 - Level 2.1 Dodging
 - Level 1.1 Stealth


You had 5 spell levels left.
You didn't know any spells.
Your spell library was empty.

Dungeon Overview and Level Annotations

Branches:
Dungeon (3/15)

Altars:
Hepliaklqana
The Shining One

Portals:
Abyss: D:3

Annotations:
D:3 1 transporter, CloudEater's ghost, amateur GrEE; Grinder


Innate Abilities, Weirdness & Mutations

You are small and have problems with some larger weapons.
You are somewhat resistant to further mutation.


Message History

You are feeling very hungry.
The gnoll barely misses you.
Firing (i - inventory. (/) - cycle)
e - 199 stones (quivered)
Press: ? - help, Shift-Dir - straight line, f/p - gnoll
Aim: a gnoll, wielding a +1 whip of distortion (severely wounded)
You shoot a stone. The stone closely misses the gnoll.
The gnoll hits you with a +1 whip of distortion.
* * * LOW HITPOINT WARNING * * *
You blink.
As you read the scroll labeled MEGOPPUPTE, it crumbles to dust.
You hear a loud clanging noise!
It was a scroll of noise.
The white imp shouts, "Kneel, thou canting full-gorged pudgelet!"
The white imp gestures at you. The puff of frost hits you.
* * * LOW HITPOINT WARNING * * *
The small abomination barely misses you.
CloudEater's ghost points at you and mumbles some strange words.
The blast of sand hits you!
You die...

#.#
#..#.^#.©#$.$...##.#.#
#.#
#.##.##..###.##..#...#
#.# #.#..##...### .##.###
#.# #.#.^.##....# ##..#
#.####.###..###©##.# #..#
#.......###...###.#..##.#
#.###.....#[....5#.#..#.#
#.# ###..##......#^#.##.#
#.# #..##@#......#.##..#
#.# #.##x#W####.##.#..##
#.# #.#.g#?#..##...##.#
#.# #.##§###...###©∩#.#
#.# #..###.......####.#
#.# ##......#.##.......#
#.#
#..######....##########
#.# #.## ####...........
#.# #.# ##########.#


You could see a small abomination, CloudEater's ghost, a gnoll and a white imp.

Vanquished Creatures
  Terence (D:3)
  Jessica (D:3)
  6 adders
  4 oozes
  3 worms
  A dart slug (D:1)
  2 leopard geckos
  An orc (D:3)
  A giant cockroach (D:3)
  11 goblins
  6 hobgoblins
  2 quokkas
  8 bats
  5 frilled lizards
  12 kobolds
  4 rats
68 creatures vanquished.

Vanquished Creatures (others)
  A hobgoblin (D:3)
1 creature vanquished.

Grand Total: 69 creatures vanquished

Notes
Turn   | Place    | Note
-------+----------+-------------------------------------------
     0 | D:1      | PentaManta the Halfling Hunter began the quest for the Orb.
     0 | D:1      | Reached XP level 1. HP: 14/14 MP: 1/1
    21 | D:1      | Reached skill level 6 in Slings
    69 | D:1      | Reached XP level 2. HP: 19/19 MP: 2/2
   227 | D:1      | Reached skill level 7 in Slings
   227 | D:1      | Reached XP level 3. HP: 19/24 MP: 3/3
  1069 | D:2      | Reached XP level 4. HP: 26/29 MP: 4/4
  1138 | D:2      | Reached skill level 8 in Slings
  1192 | D:2      | Found a glowing golden altar of the Shining One.
  1441 | D:2      | Found a hazy altar of Hepliaklqana.
  1635 | D:2      | Reached XP level 5. HP: 33/34 MP: 5/5
  2088 | D:3      | Noticed Grinder
  2103 | D:3      | Paralysed by Grinder for 2 turns
  2105 | D:3      | Noticed Terence
  2137 | D:3      | Noticed Jessica
  2139 | D:3      | Killed Jessica
  2139 | D:3      | Reached skill level 9 in Slings
  2338 | D:3      | Killed Terence
  2338 | D:3      | Reached XP level 6. HP: 25/39 MP: 6/6
  2642 | D:3      | Found a one-way gate to the infinite horrors of the Abyss.
  2642 | D:3      | Noticed CloudEater's ghost (amateur GrEE)
  2752 | D:3      | Found a transporter.
  2753 | D:3      | Noticed a small abomination
  2801 | D:3      | Found a transporter.
  3362 | D:3      | Killed from afar by CloudEater's ghost

Levels and vault maps discovered:
D:1:      erik_arrival_gehennom, layout_loops_ring
D:2:      layout_loops_corners, lemuel_coloured_pillars_altar,
          nicolae_overflow_crystal_walls, dk_vineyard_1
D:3:      layout_loops_cross, gammafunk_ghost_abyssal_escape,
          lemuel_old_faithful, uniq_grinder, uniq_jessica, uniq_terence

Skill      XL: |  1  2  3  4  5 |
---------------+----------------+-----
Slings         | 6 7 8 9 |  9.8
Fighting       | |  1.7
Dodging        | |  2.1
Stealth        | |  1.1

Action                   |  1- 3 |  4- 6 || total
-------------------------+-------+-------++-------
 Fire: Hunting sling     |   106 |   127 ||   233
Throw: Dart              |       |     7 ||     7
  Use: Scroll            |     1 |     3 ||     4
  Eat: Chunk             |       |     6 ||     6
Armor: Leather armour    |    13 |     7 ||    20
Dodge: Dodged            |    23 |    26 ||    49

Table legend:
 A = Non-vault XP
 B = Vault XP
 C = Vault XP percentage of total XP
 D = Non-vault monster count
 E = Vault monster count
 F = Vault count percentage of total count
                 A         B        C        D         E       F
            +---------+---------+-------+---------+---------+-------
      Total |     197 |      93 |  32.1 |      61 |       7 |  10.3
            +---------+---------+-------+---------+---------+-------
        D:1 |      44 |      18 |  29.0 |      22 |       5 |  18.5
        D:2 |      90 |       0 |   0.0 |      21 |       0 |   0.0
        D:3 |      63 |      75 |  54.3 |      18 |       2 |  10.0
            +---------+---------+-------+---------+---------+-------
